 Dungeon Crawl Stone Soup version 0.28.0-45-g0d030f2227 (webtiles) character file.

Game seed: 1704558692082610178

7 zeratav the Insei (level 2, -2/18 HPs)
             Began as an Octopode Transmuter on Apr 10, 2022.
             Slain by a gnoll
             ... wielding a +0 club
              (4 damage)
             ... on level 1 of the Dungeon.
             The game lasted 00:00:26 (490 turns).

zeratav the Insei (Octopode Transmuter)              Turns: 490, Time: 00:00:27

Health: -2/18      AC:  1    Str:  9    XL:     2   Next: 0%
Magic:  3/5        EV: 13    Int: 15    God:
Gold:   18         SH:  0    Dex: 12    Spells: 4/5 levels left

rFire   . . .      SeeInvis .     - Unarmed
rCold   . . .      Faith    .   (no shield)
rNeg    . . .      Spirit   .   (helmet currently unavailable)
rPois   .          Reflect  .   (no amulet)
rElec   .          Harm     .   (no ring)
rCorr   .          Rampage  .   (no ring)
Will    .....                   (no ring)
Stlth   ++........              (no ring)
HPRegen 0.06/turn               (no ring)
MPRegen 0.09/turn               (no ring)
                                (no ring)
                                (no ring)

@: appendages (expiring)
A: tentacle spike 3, almost no armour, amphibious, 8 rings, camouflage 1,
gelatinous body 1, (nimble swimmer 1), tentacles
a: End Transformation


You were on level 1 of the Dungeon.
One of your tentacles had grown a beastly spike.
You visited 1 branch of the dungeon, and saw 1 of its levels.

You collected 18 gold pieces.


Innate Abilities, Weirdness & Mutations

One of your tentacles has grown a beastly spike.
You cannot wear most types of armour.
You are amphibious.
You can wear up to eight rings at the same time.
Your skin changes colour to match your surroundings (Stealth+).
Your rubbery body absorbs attacks. (AC +1, EV +1)
((You are camouflaged when in or above water. (Stealth+)))
You have tentacles for arms and can constrict up to eight enemies at once.


   Skills:
 + Level 1.2 Fighting
 + Level 2.1 Dodging
 + Level 0.8 Stealth
 * Level 3.2 Unarmed Combat
 - Level 2.0 Spellcasting
 - Level 2.0 Transmutations


You had 4 spell levels left.
You knew the following spells:

 Your Spells              Type           Power      Damage    Failure   Level
a - Beastly Appendage     Tmut           14%        N/A       10%         1

Your spell library contained the following spells:

 Spells                   Type           Power      Damage    Failure   Level
 Wereblood                Tmut           7%         N/A       14%         2
 Spider Form              Tmut/Pois      4%         N/A       41%         3
 Ice Form                 Ice/Tmut       4%         N/A       82%         4

Inventory:

Scrolls
 a - a scroll of fear {unknown}
 b - a scroll of identify {unknown}

Dungeon Overview and Level Annotations

Branches:
Dungeon (1/15)

Altars:

###### #..... ######
##.#... #....# #..###P
.....# #..#... ###
##[.#..# #..#P#.
.....#@###..#####..#..P
#g#.#..........###P
##.#....###.##.#...
.!##..### #.##.###P
.... ##.# ###.##.#...
###.# ..# #......#.#.
#. #### #......#... #.
##.###..###P #.##
#..#...


You could see a gnoll.


Message History

No target in view!
No target in view!
No target in view!
No target in view!
No target in view!
Your transformation is almost over.
An endoplasm is nearby!
The endoplasm hits you.
HP[-2]
You take 2 damage, and now have 11/13 hp.
You barely miss the endoplasm.
Your tentacle spike misses the endoplasm.
You squeeze the endoplasm. The endoplasm hits you.
HP[-3]
You take 3 damage, and now have 8/13 hp.
MASSIVE DAMAGE!! (PAUSE)
You tentacle-slap the endoplasm but do no damage.
You pierce the endoplasm, but do no damage.
The endoplasm hits you.
* * * LOW HITPOINT WARNING * * *
You tentacle-slap the endoplasm. The endoplasm freezes you.
You are frozen.
* * * LOW HITPOINT WARNING * * *
You tentacle-slap the endoplasm.
You kill the endoplasm!
HP[-4]
You take 4 damage, and now have 4/13 hp.
MASSIVE DAMAGE!! (PAUSE) No target in view!
No target in view!
No target in view!
No target in view!
No target in view!
No target in view!
No target in view!
No target in view!
No target in view!
Your tentacle spike disappears.
Found a faded altar of an unknown god.
HP[+9] MP[+1]
Your hp is fully restored (13).
Your mp is fully restored (3).
You see here a +0 dagger {short}.
A dart slug comes into view.
One of your tentacles grows a vicious spike.
MP[-1]
You lost 1 mp, and now have 2/3 mp.
No reachable target in view!
No reachable target in view!
No reachable target in view!
No reachable target in view!
No reachable target in view!
No reachable target in view!
No reachable target in view!
No reachable target in view!
No reachable target in view!
No reachable target in view!
No reachable target in view!
No reachable target in view!
No reachable target in view!
No reachable target in view!
No reachable target in view!
No reachable target in view!
A dart slug is nearby!
A ball python comes into view.
Your transformation is almost over.
A gnoll comes into view. It is wielding a +0 club.
The helpless ball python fails to defend itself.
You tentacle-slap the ball python.
You kill the ball python!
The dart slug launches a dart at you. The slug dart hits you.
You see here a ball python corpse.
HP[-6]
You take 6 damage, and now have 7/13 hp.
MASSIVE DAMAGE!! (PAUSE)
You tentacle-slap the dart slug. You grab the dart slug.
You constrict the dart slug. You tentacle-slap the dart slug.
You pierce the dart slug.
You squeeze the dart slug. You constrict the dart slug.
You kill the dart slug!
You have reached level 2!
HP[+3] MP[+1]
You now have 18 max hp (+5).
You regained 3 hp, and now have 10/18 hp.
You tentacle-slap the gnoll. You grab the gnoll. You constrict the gnoll.
The gnoll hits you with a +0 club.
* * * LOW HITPOINT WARNING * * *
HP[-3]
You take 3 damage, and now have 7/18 hp.
You completely miss the gnoll.
You pierce the gnoll, but do no damage.
You constrict the gnoll. The gnoll hits you with a +0 club.
* * * LOW HITPOINT WARNING * * *
HP[-5]
You take 5 damage, and now have 2/18 hp.
MASSIVE DAMAGE!! (PAUSE)
You tentacle-slap the gnoll but do no damage.
You pierce the gnoll.
You constrict the gnoll. The gnoll hits you with a +0 club.
You die...

Action                   || total
-------------------------++-------
Melee: Unarmed           ||    13
       Tentacles         ||     3
       Kick              ||     4
       Constrict         ||     3
 Cast: Beastly Appendage ||     3
 Stab: Sleeping          ||     1

Levels and vault maps discovered:
D:1:      mrwooster_arrival_statue_2, layout_loops_corners,
          shapermc_ecumenical_altar_mp_urbaneastern, minmay_pentomino_r4

Notes
Turn   | Place    | Note
-------+----------+-------------------------------------------
     0 | D:1      | zeratav the Octopode Transmuter began the quest for the
                  | Orb.
     0 | D:1      | Reached XP level 1. HP: 13/13 MP: 3/3
     0 | D:1      | magus.rc [v1.9.6]
   432 | D:1      | Found a faded altar of an unknown god.
   488 | D:1      | Reached XP level 2. HP: 10/18 MP: 3/5
   489 | D:1      | HP: 2/18 [gnoll/+0 club (5)]
   490 | D:1      | Slain by a gnoll

Vanquished Creatures
  A dart slug (D:1)
  A ball python (D:1)
  An endoplasm (D:1)
  A hobgoblin (D:1)
4 creatures vanquished.

Table legend:
 A = Non-vault XP
 B = Vault XP
 C = Vault XP percentage of total XP
 D = Non-vault monster count
 E = Vault monster count
 F = Vault count percentage of total count
                 A         B        C        D         E       F
            +---------+---------+-------+---------+---------+-------
      Total |       4 |       6 |  60.0 |       2 |       2 |  50.0
            +---------+---------+-------+---------+---------+-------
        D:1 |       4 |       6 |  60.0 |       2 |       2 |  50.0
            +---------+---------+-------+---------+---------+-------

Illustrated notes

Table legend:
 A = Kills in this place as a percentage of kills in entire the game.
 B = Kills by you in this place as a percentage of kills by you in the entire game.
 C = Kills by friends in this place as a percentage of kills by friends in the entire game.
 D = Other kills in this place as a percentage of other kills in the entire game.
 E = Experience gained in this place as a percentage of experience gained in the entire game.
 F = Experience gained in this place divided by the number of levels of this place that you have seen.
                   A       B       C       D       E      F
               +-------+-------+-------+-------+-------+----------------------
         Total | 100.0 | 100.0 |   N/A |   N/A | 100.0 |  10.0
       Dungeon | 100.0 | 100.0 |   N/A |   N/A | 100.0 |  10.0
               +-------+-------+-------+-------+-------+----------------------

Table legend: (Time is in decaauts)
 A = Elapsed time spent in this place.
 B = Non-inter-level travel time spent in this place.
 C = Inter-level travel time spent in this place.
 D = Time resting spent in this place.
 E = Time spent auto-exploring this place.
 F = Levels seen in this place.
 G = Mean time per level.
                   A        B        C        D        E       F      G
               +--------+--------+--------+--------+--------+-----+--------+
         Total |    489 |    489 |      0 |      0 |    457 |   1 |  489.0 |
       Dungeon |    489 |    489 |      0 |      0 |    457 |   1 |  489.0 |
               +--------+--------+--------+--------+--------+-----+--------+

Top non-repeatable levels by time:
     D:1: 489 daAuts
